 Dungeon Crawl Stone Soup version 0.25-a0-316-gd28d56f9c5 (webtiles) character file.

Game seed: 17985992953273042687, levelgen mode: classic

188 Borgoz the Twirler (level 5, -1/32 HPs)
             Began as a Gargoyle Gladiator on Dec 25, 2019.
             Killed from afar by an orc wizard (2 damage)
             ... with a magic dart
             ... on level 2 of the Dungeon.
             The game lasted 00:03:03 (2009 turns).

Borgoz the Twirler (Gargoyle Gladiator)             Turns: 2009, Time: 00:03:03

Health: -1/32      AC: 12    Str: 17    XL:     5   Next: 67%
Magic:  5/5        EV: 11    Int:  9    God:
Gold:   132        SH:  0    Dex: 12    Spells: 4/4 levels left

rFire    . . .     SeeInvis .   a - +0 quarterstaff
rCold    . . .     Gourm    .   (shield currently unavailable)
rNeg     + . .     Faith    .   m - +0 scale mail
rPois    ∞         Spirit   .   c - +0 helmet
rElec    +         Reflect  .   q - +0 cloak
rCorr    .         Harm     .   (no gloves)
MR       .....                  (no boots)
Stlth    ..........             (no amulet)
HPRegen  0.10/turn              (no ring)
MPRegen  0.09/turn              (no ring)

@: hasted, very quick
A: negative energy resistance 1, electricity resistance, unbreathing,
petrification resistance, rot immunity, AC +4
a: no special abilities


You were on level 2 of the Dungeon.
You were hungry.

You visited 1 branch of the dungeon, and saw 3 of its levels.

You collected 132 gold pieces.

Inventory:

Hand Weapons
 a - a +0 quarterstaff (weapon)
Missiles
 d - 2 throwing nets (quivered)
Armour
 c - a +0 helmet (worn)
 m - a +0 scale mail (worn)
 q - a +0 cloak (worn)
Scrolls
 b - a scroll of fear {unknown}
 e - a scroll of teleportation {unknown}
 g - 2 scrolls of remove curse {unknown}
 h - 3 scrolls of identify
 i - a scroll of enchant weapon {unknown}
 j - a scroll of enchant armour {unknown}
 l - a scroll of random uselessness {unknown}
 n - a scroll of blinking {unknown}
 o - a scroll of fog {unknown}
Comestibles
 f - 2 rations
 k - 3 chunks of flesh


   Skills:
 + Level 3.1 Fighting
 * Level 4.2 Staves
 - Level 1.7 Throwing
 + Level 2.0 Armour
 * Level 3.6 Dodging


You had 4 spell levels left.
You didn't know any spells.
Your spell library was empty.

Dungeon Overview and Level Annotations

Branches:
Dungeon (3/15)

Altars:
Gozag
Nemelex Xobeh
Xom


Innate Abilities, Weirdness & Mutations

You are resistant to torment.
Your stone body is resilient. (AC +4)
You are immune to poison.
You resist negative energy. (rN+)
You are resistant to electric shocks. (rElec)
You can survive without breathing.
You are immune to petrification.
You are immune to rotting.


Message History

You sock the orc wizard!
The orc wizard is severely wounded.
The orc wizard gestures at you while chanting.
The magic dart hits you.
You closely miss the orc wizard.
The orc wizard is severely wounded.
The orc wizard misses you.
You hit the orc wizard but do no damage.
The orc wizard is severely wounded.
The orc wizard hits you with a +0 dagger.
You hit the orc wizard.
The orc wizard is almost dead.
The orc wizard gestures at you while chanting.
The magic dart hits you!
* * * LOW HITPOINT WARNING * * *
You closely miss the orc wizard.
The orc wizard is almost dead.
The orc wizard points at you and mumbles some strange words.
The magic dart hits you.
You die...

#.#####..#####.#...#
#.# ##...## #.#####
######.###.....## #.#
#...............# #.#
#.####.###.....##
#.####### #.#
#.#.......####.#......
#.#
#.#..............#####
#.#
#.#(.o............####
#.#
#....@....####......).
#.#
###...............####
#.# #.......###.###.##
#.# #..<....##.##
##.### #.#
####.#####.# #.... #.#
#.# #.## ##.### #.#
#.### ##.###.## #.#
#...####....## #.#
#...........#


You could see an orc wizard.

Vanquished Creatures
  An orc wizard (D:3)
  Crazy Yiuf (D:2)
  Natasha (thrice) (D:2)
  An adder (D:2)
  A worm (D:2)
  A leopard gecko (D:2)
  2 orcs (D:3)
  2 bats (D:1)
  A giant cockroach (D:2)
  7 goblins
  7 hobgoblins
  6 kobolds
  A quokka (D:2)
  5 frilled lizards
  7 rats
46 creatures vanquished.

Notes
Turn   | Place    | Note
-------+----------+-------------------------------------------
     0 | D:1      | Borgoz the Gargoyle Gladiator began the quest for the Orb.
     0 | D:1      | Reached XP level 1. HP: 12/12 MP: 1/1
   104 | D:1      | Found a shimmering altar of Xom.
   129 | D:1      | Reached XP level 2. HP: 15/18 MP: 2/2
   659 | D:2      | Reached XP level 3. HP: 17/22 MP: 3/3
   734 | D:2      | Found a sparkling altar of Nemelex Xobeh.
   873 | D:2      | Noticed Natasha
   876 | D:2      | Killed Natasha
   876 | D:2      | Reached skill level 1 in Armour
   876 | D:2      | Reached XP level 4. HP: 27/27 MP: 4/4
  1106 | D:2      | Found an opulent altar of Gozag.
  1320 | D:2      | Found a runed translucent door.
  1321 | D:2      | Noticed Crazy Yiuf
  1331 | D:2      | Killed Crazy Yiuf
  1412 | D:2      | Noticed Natasha
  1429 | D:2      | Killed Natasha
  1429 | D:2      | Reached skill level 4 in Staves
  1429 | D:2      | Reached XP level 5. HP: 21/32 MP: 5/5
  1729 | D:2      | Noticed Natasha
  1756 | D:2      | Killed Natasha
  2008 | D:2      | HP: 1/32 [orc wizard/magic dart (9)]
  2009 | D:2      | Killed from afar by an orc wizard

Levels and vault maps discovered:
D:1:      roderic_crop_circles_arrival_small, layout_loops_ring,
          xom_teletrap_fun
D:2:      layout_loops_ring, grunt_gozag_breadcrumbs,
          nemelex_xobeh_ov_fountains_minmay, hangedman_feature_mirror,
          uniq_crazy_yiuf_cottage, uniq_natasha
D:3:      layout_basic

Skill      XL: |  1  2  3  4  5 |
---------------+----------------+-----
Armour         | 1 2 |  2.0
Dodging        | 3 |  3.6
Fighting       | 3 |  3.1
Staves         | 4 |  4.2
Throwing       | |  1.7

Action                   |  1- 3 |  4- 6 || total
-------------------------+-------+-------++-------
Melee: Quarterstaff      |    70 |   104 ||   174
Throw: Throwing net      |       |     1 ||     1
  Use: Scroll            |       |     1 ||     1
       Potion            |       |     1 ||     1
  Eat: Chunk             |       |     3 ||     3
Armor: Leather armour    |    30 |       ||    30
       Scale mail        |     1 |    61 ||    62
Dodge: Dodged            |    45 |    40 ||    85

Table legend:
 A = Non-vault XP
 B = Vault XP
 C = Vault XP percentage of total XP
 D = Non-vault monster count
 E = Vault monster count
 F = Vault count percentage of total count
                 A         B        C        D         E       F
            +---------+---------+-------+---------+---------+-------
      Total |     191 |      78 |  29.0 |      42 |       4 |   8.7
            +---------+---------+-------+---------+---------+-------
        D:1 |      20 |       0 |   0.0 |      12 |       0 |   0.0
        D:2 |     119 |      78 |  39.6 |      24 |       4 |  14.3
        D:3 |      52 |       0 |   0.0 |       6 |       0 |   0.0
            +---------+---------+-------+---------+---------+-------
